 Dungeon Crawl Stone Soup version 0.22-a0-880-gb7b0c8b (webtiles) character file.

141 pyroka the Skirmisher (level 5, -5/46 HPs)
             Began as a Draconian Fighter on July 30, 2018.
             Slain by an ogre
             ... wielding a +0 giant spiked club
              (27 damage)
             ... on level 3 of the Dungeon.
             The game lasted 00:05:19 (2900 turns).

pyroka the Skirmisher (Draconian Fighter)           Turns: 2900, Time: 00:05:20

Health: -5/46      AC:  7    Str: 19    XL:     5   Next: 3%
Magic:  5/5        EV: 11    Int:  8    God:
Gold:   135        SH:  9    Dex: 11    Spells: 4/4 levels left

rFire    . . .     SeeInvis .   a - +0 flail
rCold    . . .     Gourm    .   b - +0 shield
rNeg     . . .     Faith    .   (armour unavailable)
rPois    .         Spirit   .   (helmet restricted)
rElec    .         Reflect  .   q - +0 cloak
rCorr    .         Harm     .   (no gloves)
MR       .....                  g - +0 pair of boots
Stlth    +.........             (no amulet)
HPRegen  0.15/turn              (no ring)
MPRegen  0.09/turn              (no ring)

@: no status effects
A: unfitting armour, cold-blooded, AC +5
a: no special abilities


You were on level 3 of the Dungeon.
You were hungry.

You visited 1 branch of the dungeon, and saw 4 of its levels.

You collected 135 gold pieces.

Inventory:

Hand Weapons
 a - a +0 flail (weapon)
Missiles
 k - 36 stones (quivered)
 r - 14 sling bullets
Armour
 b - a +0 shield (worn)
 g - a +0 pair of boots (worn)
 q - a +0 cloak (worn)
Jewellery
 m - an uncursed amulet of faith {unknown}
 x - an uncursed ring of protection from cold {unknown}
Wands
 s - a wand of iceblast (8)
Scrolls
 e - 3 scrolls of enchant weapon {unknown}
 h - a scroll of amnesia
 i - a scroll of identify
 j - a scroll of fog
 n - a scroll of remove curse
 v - 2 scrolls of magic mapping {unknown}
Potions
 c - 3 potions of might
 f - 2 potions of cancellation {unknown}
 l - a potion of invisibility {unknown}
 o - 3 potions of curing {unknown}
 p - a potion of agility {unknown}
 t - a potion of berserk rage {unknown}
 w - a potion of ambrosia {unknown}
Comestibles
 d - 4 rations
 u - 2 chunks of flesh


   Skills:
 + Level 4.0 Fighting
 * Level 3.6 Maces & Flails
 + Level 3.3 Dodging
 + Level 3.6 Shields


You had 4 spell levels left.
You didn't know any spells.
Your spell library was empty.

Dungeon Overview and Level Annotations

Branches:
Dungeon (4/15)
 Temple: D:4-7

Altars:
Kikubaaqudgha

Annotations:
D:2 1 runed door


Innate Abilities, Weirdness & Mutations

Your plain brown scales are hard. (AC +5)
You cannot fit into any form of body armour.
You are cold-blooded and may be slowed by cold attacks.


Message History

Some of the chunks of flesh in your inventory have rotted away.
There is a stone staircase leading up here.
You see here a falchion.
There is a stone staircase leading up here.
You block the ogre's attack.
You climb upwards.
There is a stone staircase leading down here.
There is an open door here.
Some of the chunks of flesh in your inventory have rotted away.
As you read the scroll labeled YSCHEU QIARAICH, it crumbles to dust.
It is a scroll of identify.
h - a scroll of amnesia The ogre barely misses you.
As you read the scroll labeled DIOKHO SURA, it crumbles to dust.
You feel blessed for a moment.
It was a scroll of remove curse.
As you read the scroll labeled BOEHONGAIT, it crumbles to dust.
The scroll dissolves into smoke.
It was a scroll of fog.
The ogre hits you with a giant spiked club!!
Ouch! That really hurt!
You die...

#....# #....#........#.....
#....# ######........#..[..
###### #..).....###..) #####
#........# #... ### #...#
#....)...# #... ..# #...#
#....)...# ##.. ..# #...#
#..).....# ###
..########...##########.####
..'...........§O@§§# #.#
..####.###...#####§## #o# #####
....##.# #...#####..# #.# #...#
###.##.# ####.....#.###.# #...#
.<#.##.######.....#..##.# #...#
###.##......'.........#.####...##
#.#########.....##..#.........#
###.#########.....##............#
..................###...........#


You could see an ogre.

Vanquished Creatures
  A hound (D:4)
  2 adders (D:2)
  An ooze (D:1)
  2 worms (D:2)
  2 dart slugs
  A leopard gecko (D:2)
  5 orcs
  7 giant cockroaches
  13 goblins
  7 hobgoblins
  3 jackals (D:2)
  11 kobolds
  2 quokkas (D:3)
  A ball python (D:1)
  6 bats
  2 frilled lizards
  8 rats
74 creatures vanquished.

Notes
Turn   | Place    | Note
-------+----------+-------------------------------------------
     0 | D:1      | pyroka the Draconian Fighter began the quest for the Orb.
     0 | D:1      | Reached XP level 1. HP: 19/19 MP: 1/1
    47 | D:1      | Reached XP level 2. HP: 23/26 MP: 2/2
   647 | D:1      | Reached XP level 3. HP: 29/31 MP: 3/3
  1187 | D:2      | Found a runed door.
  1250 | D:2      | Reached XP level 4. HP: 40/40 MP: 4/4
  1829 | D:3      | Found an ancient bone altar of Kikubaaqudgha.
  2651 | D:4      | Reached skill level 4 in Fighting
  2651 | D:4      | Reached XP level 5. HP: 40/46 MP: 5/5
  2813 | D:4      | Noticed an ogre
  2900 | D:3      | Slain by an ogre

Vault maps used:
D:1:      dpeg_arrival_windows_large_door, interstate_on_off,
          minmay_misc_feat_five, minmay_pentomino_v4
D:2:      uniq_crazy_yiuf_cottage
D:3:      kiku_gazebo_pond_becter
D:4:      old_standard_altar, kennysheep_mini,
          minmay_temple_entry_statues_pillars, serial_bayou_lagoon_a,
          grunt_decor_clamped, nicolae_tso_besieged_by_evil

Skill      XL: |  1  2  3  4 |
---------------+-------------+-----
Dodging        | 3 |  3.3
Maces & Flails | 3 |  3.6
Fighting       | 4 |  4.0
Shields        | |  3.6

Action                   |  1- 3 |  4- 6 || total
-------------------------+-------+-------++-------
Melee: Flail             |   135 |    94 ||   229
       Tailslap          |    15 |     9 ||    24
  Use: Scroll            |       |     3 ||     3
 Stab: Sleeping          |     1 |       ||     1
  Eat: Chunk             |     1 |     5 ||     6
Armor: Skin              |    48 |    23 ||    71
Dodge: Dodged            |    67 |    42 ||   109
Block: Shield            |    74 |    45 ||   119

Table legend:
 A = Spawn XP
 B = Non-spawn XP
 C = Spawn XP percentage of total XP
 D = Spawn monster count
 E = Non-spawn monster count
 F = Spawn count percentage of total count
 G = Total turns spent on level
                    A         B        C        D         E        F      G
               +---------+---------+-------+---------+---------+-------+---------
         Total |       0 |     202 |   0.0 |       0 |      74 |   0.0 |  2900
               +---------+---------+-------+---------+---------+-------+---------
           D:1 |       0 |      56 |   0.0 |       0 |      30 |   0.0 |   915
           D:2 |       0 |      71 |   0.0 |       0 |      24 |   0.0 |   976
           D:3 |       0 |      24 |   0.0 |       0 |      15 |   0.0 |   754
           D:4 |       0 |      51 |   0.0 |       0 |       5 |   0.0 |   255
               +---------+---------+-------+---------+---------+-------+---------
